[Event "*** Titled Tuesday Blitz"]
[Site "Chess.com"]
[Date "2020.04.28"]
[Round "5"]
[White "Trickov"]
[Black "Sweafty"]
[Result "0-1"]
[WhiteElo "2269"]
[BlackElo "2464"]
[TimeControl "180+1"]
[EndTime "10:53:57 PDT"]
[Termination "Sweafty won by resignation"]

1. d4 d6 2. Nf3 Nd7 3. g3 e5 4. dxe5 dxe5 5. Bg2 Ngf6 6. O-O Be7 7. c4 O-O 8. Nc3 c6 9. b3 Qc7 10. Bb2 Re8 11. Qc2 Nf8 12. Rfd1 Bg4 13. h3 Bh5 14. Nh4 Ne6 15. Nf5 Nd4 16. Nxd4 exd4 17. Rxd4 Bc5 18. Rf4 Bg6 19. Qc1 Nh5 20. Ne4 Nxf4 21. Qxf4 Qxf4 22. gxf4 Bxe4 0-1

[Event "*** Titled Tuesday Blitz"]
[Site "Chess.com"]
[Date "2020.04.28"]
[Round "5"]
[White "vanea_03"]
[Black "lolo9292"]
[Result "0-1"]
[WhiteElo "2673"]
[BlackElo "2490"]
[TimeControl "180+1"]
[EndTime "10:53:58 PDT"]
[Termination "lolo9292 won by resignation"]

1. d4 Nf6 2. c4 g6 3. Nf3 Bg7 4.
e3 d6 5. Be2 O-O 6. O-O Nc6 7.
Nc3 e5 8. b3 exd4 9. exd4 Bf5 10. Bb2 Re8 11. d5 Ne4 12. dxc6 Nxc3 13. Bxc3 Bxc3 14.
Rc1 Bb2 15. cxb7 Rb8 16. Qd2 Bxc1 17. Rxc1 Rxb7 18. Nd4 Bd7 19. Bf3 Rb8 20. Bd5 Qf6 21.
h3 Re7 22. Rc3 Rbe8 23. Rf3 Qe5 24. Qd3 Qe1+ 25. Kh2 Qe5+ 26. g3 c5 27. Nc2 Bf5 28.
Qd2 Qe2 29. Qxe2 Rxe2 30. Ne3 Be4 31. Bxf7+ Kg7 32. Rf4 Re7 33. Bd5 Bxd5 34. Nxd5 Rf7 35. Kg2 Rxa2 36. Nc3 Rxf4 37. Nxa2 Rd4 38. Nc1 Rd1 39.
Ne2 Rd2 40. Nf4 Rb2 0-1

[Event "*** Titled Tuesday Blitz"]
[Site "Chess.com"]
[Date "2020.04.28"]
[Round "5"]
[White "guillembaches"]
[Black "CarlosRBorn"]
[Result "0-1"]
[WhiteElo "2428"]
[BlackElo "2682"]
[TimeControl "180+1"]
[EndTime "10:54:01 PDT"]
[Termination "CarlosRBorn won by resignation"]

1. e4 Nf6 2. e5 Nd5 3. c4 Nb6 4. d4 d6 5. exd6 exd6 6. Nc3 Be7 7. Be2 O-O 8. h3 Be6 9. b3 d5 10. c5 Nc8 11. Nf3 Nc6 12. Be3 Bf6 13. O-O N8e7 14.
g4 h6 15. Qd2 g5 16. Rad1 Bg7 17. Nh2 f5 18. f3 f4 19. Bf2 Bf7 20. Rfe1 Re8 21. Kg2 Qd7 22. a3 a5 23. Bb5 Ng6 24. b4 axb4 25. axb4 Nf8 26. Rxe8 Rxe8 27. Re1 Rxe1 28.
Qxe1 Ne6 29. Ne2 Qc8 30. Qd2 Qa8 31. Bxc6 bxc6 32. Qb2 Qa4 33. Nf1 Qd1 34. Qd2 Qa1 35. Qd3 Nf8 36. Nd2 Qd1 37. Qc3 Qxe2 0-1

[Event "*** Titled Tuesday Blitz"]
[Site "Chess.com"]
[Date "2020.04.28"]
[Round "5"]
[White "secretsuperstar7"]
[Black "AndrewDGreen"]
[Result "1-0"]
[WhiteElo "2192"]
[BlackElo "2287"]
[TimeControl "180+1"]
[EndTime "10:54:01 PDT"]
[Termination "secretsuperstar7 won by resignation"]

1. e4 c5 2. Nf3 g6 3. d4 cxd4 4. Nxd4 Nc6 5. Be3 Nf6 6. Nc3 Bg7 7. Be2 O-O 8. O-O d5 9. exd5 Nb4 10. d6 Qxd6 11. a3 Nbd5 12. Ncb5 Nxe3 13. Nxd6 Nxd1 14. Nxc8 Raxc8 15. Rfxd1 Rfd8 16. c3 a6 17. Bf3 e5 18.
Nb3 e4 19. Be2 Nd5 20. Na5 Nf4 21. Kf1 b5 22. Nb7 Rxd1+ 23. Rxd1 Be5 24. g3 Nxe2 25. Kxe2 Kg7 26. Ke3 Rc7 27. Nd6 f5 28. Ne8+ Kf7 29.
Nxc7 Bxc7 30. Rd7+ 1-0

[Event "*** Titled Tuesday Blitz"]
[Site "Chess.com"]
[Date "2020.04.28"]
[Round "5"]
[White "zajka-molotok"]
[Black "Dr_Thomas_Quilter"]
[Result "1-0"]
[WhiteElo "2395"]
[BlackElo "2184"]
[TimeControl "180+1"]
[EndTime "10:54:02 PDT"]
[Termination "zajka-molotok won by checkmate"]

1. d4 Nf6 2. c4 c5 3. d5 e5 4.
Nc3 d6 5. e4 g6 6. g3 Bg7 7. Bg2 O-O 8. Nge2 Nh5 9. O-O f5 10. f4 exf4 11. Nxf4 Nxf4 12. Bxf4 Na6 13. Qd2 Nc7 14. Rae1 fxe4 15. Nxe4 Ne8 16. Bg5 Rxf1+ 17. Rxf1 Qc7 18. b3 Bf5 19. Qf4 a6 20. g4 Bxe4 21.
Qxe4 Kh8 22. Qe6 Qc8 23. Rf7 b5 24. Qe7 bxc4 25. Rf8+ Bxf8 26. Qxf8# 1-0

[Event "*** Titled Tuesday Blitz"]
[Site "Chess.com"]
[Date "2020.04.28"]
[Round "5"]
[White "Chess_Boxer123"]
[Black "A-Fier"]
[Result "0-1"]
[WhiteElo "2566"]
[BlackElo "2804"]
[TimeControl "180+1"]
[EndTime "10:54:04 PDT"]
[Termination "A-Fier won by checkmate"]

1. e4 c5 2. Nf3 e6 3. g3 Nc6 4. Bg2 Nf6 5. Nc3 d6 6. O-O Qc7 7. Re1 Be7 8. d4 cxd4 9. Nxd4 O-O 10. Be3 a6 11. h3 Bd7 12. f4 Nxd4 13. Bxd4 e5 14.
Be3 Bc6 15. Qe2 b5 16. Rad1 b4 17. Nd5 Bxd5 18. exd5 Nd7 19. f5 Rac8 20. Be4 a5 21.
Kg2 Nc5 22. Bxc5 Qxc5 23. Rf1 Bf6 24. h4 Qc4 25. Qxc4 Rxc4 26. Kf3 Rfc8 27. Rf2 h6 28. Re2 Bd8 29. Rdd2 Kf8 30. Bd3 R4c5 31. Be4 Bb6 32.
g4 Rc4 33. g5 hxg5 34. hxg5 Ke7 35. Rh2 Bd4 36. b3 Rc3+ 37. Bd3 Ra8 38. Rh7 a4 39. Ke4 axb3 40. axb3 Ra1 41. g6 Rf1 42. Bxf1 Re3# 0-1

[Event "*** Titled Tuesday Blitz"]
[Site "Chess.com"]
[Date "2020.04.28"]
[Round "5"]
[White "capatl"]
[Black "Trankuilizer"]
[Result "0-1"]
[WhiteElo "2631"]
[BlackElo "2496"]
[TimeControl "180+1"]
[EndTime "10:54:05 PDT"]
[Termination "Trankuilizer won on time"]

1. c4 Nf6 2. Nc3 g6 3. g3 Bg7 4. Bg2 O-O 5. Nf3 d6 6. O-O Nbd7 7. d3 e5 8. Rb1 a5 9. a3 Nc5 10. b4 axb4 11. axb4 Ne6 12. Bd2 Nh5 13. Qc1 f5 14. Bh6 f4 15. Bxg7 Kxg7 16. c5 g5 17. cxd6 cxd6 18.
Nd5 Nf6 19. Qc4 Bd7 20. Rfc1 b5 21. Qb3 g4 22. Nxf6 Qxf6 23. Nd2 Nd4 24. Qd1 fxg3 25.
fxg3 Qf2+ 0-1

[Event "*** Titled Tuesday Blitz"]
[Site "Chess.com"]
[Date "2020.04.28"]
[Round "5"]
[White "NIGWAPO"]
[Black "NemtsevIgor"]
[Result "1-0"]
[WhiteElo "2597"]
[BlackElo "2367"]
[TimeControl "180+1"]
[EndTime "10:54:06 PDT"]
[Termination "NIGWAPO won by resignation"]

1. Nf3 c6 2. c4 d6 3. g3 h6 4. Bg2 g5 5. d4 Bg7 6. e3 Nd7 7. Nc3 Nf8 8. b4 Ng6 9. Bb2 g4 10. Nd2 h5 11. b5 Bd7 12. Qb3 h4 13. a4 Nh6 14. a5 a6 15. Ke2 Nf5 16. Be4 Rh5 17. Na4 cxb5 18. Nb6 Rb8 19. Nxd7 Qxd7 20.
cxb5 axb5 21. Bd3 Kf8 22. Ne4 e5 23. d5 Kg8 24. Qxb5 Qe7 25. a6 Nh6 26. Ba3 f5 27. Nxd6 f4 28. Bxg6 f3+ 29. Kd2 Rg5 30. Ne4 Qd8 31.
Nxg5 Qxg5 32. a7 Ra8 33. Qxb7 Qxg6 34. Qxa8+ Kh7 35. Qc6 Nf5 36. Qxg6+ Kxg6 37. a8=Q 1-0

[Event "*** Titled Tuesday Blitz"]
[Site "Chess.com"]
[Date "2020.04.28"]
[Round "5"]
[White "adricalderon8"]
[Black "GmSergioBarrientos"]
[Result "0-1"]
[WhiteElo "2410"]
[BlackElo "2590"]
[TimeControl "180+1"]
[EndTime "10:54:06 PDT"]
[Termination "GmSergioBarrientos won by resignation"]

1. e4 c5 2. Nf3 e6 3. d4 cxd4 4. Nxd4 a6 5. Bd3 b5 6. a4 b4 7. O-O Bb7 8. c4 Nc6 9. Nc2 Nge7 10. b3 Ng6 11. Bb2 Bd6 12. Nd2 O-O 13. Ne3 Nce5 14.
Be2 Bc5 15. Ng4 Nxg4 16. Bxg4 Qg5 17. g3 Ne5 18. Be2 d6 19. Kg2 Qg6 20. Qc2 f5 21. f4 fxe4 22. Rac1 Nd3 23. Ba1 Nxc1 24. Qxc1 e3+ 25.
Nf3 Rxf4 26. Qb2 Raf8 27. Qxg7+ Qxg7 28. Bxg7 Rxf3 29. Bxf3 Rxf3 30. Rf2 0-1

[Event "*** Titled Tuesday Blitz"]
[Site "Chess.com"]
[Date "2020.04.28"]
[Round "5"]
[White "Feegus"]
[Black "ntmh281"]
[Result "1-0"]
[WhiteElo "2468"]
[BlackElo "2263"]
[TimeControl "180+1"]
[EndTime "10:54:07 PDT"]
[Termination "Feegus won by checkmate"]

1. Nf3 d5 2. g3 Nf6 3. Bg2 Bf5 4. O-O e6 5. d3 Be7 6. Nbd2 O-O 7. c3 h6 8. a4 Nbd7 9. a5 c6 10. Re1 Bc5 11.
b4 Be7 12. a6 b6 13. Nd4 Rc8 14. Nxf5 exf5 15. Nf3 Kh7 16. Nd4 g6 17. Qd2 Ng8 18.
e4 fxe4 19. dxe4 dxe4 20. Bxe4 Ne5 21. f4 c5 22. fxe5 cxd4 23. cxd4 Bg5 24. Qd3 Ne7 25. Bxg5 hxg5 26. d5 Qd7 27. d6 Nf5 28.
Bxf5 gxf5 29. Rf1 f6 30. Rxf5 Kg7 31. exf6+ Rxf6 32. Rxf6 Kxf6 33. Rf1+ Kg7 34. Qd4+ Kh7 35.
Qd5 Qg4 36. Qf7+ Kh8 37. Qf6+ Kh7 38. Qe7+ Kh8 39. Qe5+ Kh7 40. Rf7+ Kg6 41. Qg7+ Kh5 42. Qh7# 1-0

[Event "*** Titled Tuesday Blitz"]
[Site "Chess.com"]
[Date "2020.04.28"]
[Round "5"]
[White "Usurpov"]
[Black "gmgamil"]
[Result "0-1"]
[WhiteElo "2472"]
[BlackElo "2698"]
[TimeControl "180+1"]
[EndTime "10:54:08 PDT"]
[Termination "gmgamil won by resignation"]

1. e4 e5 2. Nf3 Nc6 3. Nc3 Nf6 4. d4 exd4 5. Nxd4 Bb4 6. Nxc6 bxc6 7. Bd3 d6 8. O-O Ng4 9. Na4 Qh4 10. h3 Ne5 11. f4 Nxd3 12. Qxd3 O-O 13. a3 Ba5 14.
b4 Bb6+ 15. Nxb6 axb6 16. Bb2 c5 17. c4 Bb7 18. Rae1 Bc6 19. Kh2 f6 20. f5 Rfe8 21. g3 Qh5 22. g4 Qh4 23. Re2 Re7 24. Qg3 Qxg3+ 25. Kxg3 Ra4 26. bxc5 bxc5 27. Rc1 Rxe4 28. Rxe4 Bxe4 29. Kf2 Bd3 0-1

[Event "*** Titled Tuesday Blitz"]
[Site "Chess.com"]
[Date "2020.04.28"]
[Round "5"]
[White "Maghalashvili"]
[Black "wild_cat99"]
[Result "1-0"]
[WhiteElo "2797"]
[BlackElo "2558"]
[TimeControl "180+1"]
[EndTime "10:54:10 PDT"]
[Termination "Maghalashvili won by resignation"]

1. Nf3 Nf6 2. g3 g6 3. b3 Bg7 4. Bb2 O-O 5. Bg2 d6 6. d4 c5 7. O-O cxd4 8. Nxd4 Nbd7 9. c4 Nc5 10. Nc3 a6 11.
Rc1 Rb8 12. Qc2 Bf5 13. Nxf5 gxf5 14. Qxf5 Qd7 15. Qxd7 Ncxd7 16. Rc2 b5 17. Nd5 Nxd5 18. Bxg7 Kxg7 19. cxd5 Rfc8 20. Rfc1 Rxc2 21. Rxc2 Rb7 22. b4 Kg6 23. f4 Ra7 24. Kf2 a5 25. a3 axb4 26. axb4 Nb6 27. Rc6 Nc4 28. Be4+ Kg7 29. Bd3 Nb2 30. Rb6 Nxd3+ 31. exd3 Ra2+ 32. Kf3 Rxh2 33. Rxb5 Rb2 34. g4 Kf6 35. Rb8 h6 36. b5 e5 37.
dxe6 fxe6 38. b6 Kg7 39. b7 Rb3 40. Ke3 Rb5 41. f5 exf5 42. gxf5 Re5+ 43. Kd4 Rb5 44.
f6+ Kf7 45. Rh8 Rb4+ 46. Kc3 Rxb7 47. Rh7+ Kxf6 48. Rxb7 1-0

[Event "*** Titled Tuesday Blitz"]
[Site "Chess.com"]
[Date "2020.04.28"]
[Round "5"]
[White "keepitcool9499"]
[Black "bakki78"]
[Result "1-0"]
[WhiteElo "2465"]
[BlackElo "2715"]
[TimeControl "180+1"]
[EndTime "10:54:11 PDT"]
[Termination "keepitcool9499 won by resignation"]

1. d4 Nf6 2. c4 g6 3. Nc3 Bg7 4. e4 d6 5. Nge2 O-O 6. f3 c5 7. Be3 Nc6 8. Qd2 Nd7 9. d5 Na5 10. Ng3 a6 11. h4 b5 12. cxb5 axb5 13. Rc1 b4 14. Nd1 b3 15. a3 Ne5 16. Bh6 Ba6 17.
Bxg7 Kxg7 18. Bxa6 Rxa6 19. h5 Rh8 20. Nf2 Nac4 21.
Rxc4 Nxc4 22. Qc3+ Ne5 23. f4 Qa5 24. Qxa5 Rxa5 25.
fxe5 dxe5 26. h6+ Kf8 27. O-O Ke8 28. Rc1 Kd7 29. Nd3 Kd6 30. Nf1 Ra4 31. Nd2 Rd4 32.
Nc4+ Kc7 33. Nxc5 Rc8 34. Nxb3 1-0

[Event "*** Titled Tuesday Blitz"]
[Site "Chess.com"]
[Date "2020.04.28"]
[Round "5"]
[White "MFBerna"]
[Black "TheBigBoss04"]
[Result "0-1"]
[WhiteElo "2442"]
[BlackElo "2729"]
[TimeControl "180+1"]
[EndTime "10:54:11 PDT"]
[Termination "TheBigBoss04 won by resignation"]

1. e4 g6 2. d4 Bg7 3. Nf3 d6 4. Nc3 e6 5. Be2 Ne7 6. Be3 a6 7. a4 b6 8. Qd2 h6 9. h4 Bb7 10. Bd3 Nd7 11. Ne2 c5 12. c3 Nf6 13. Ng3 d5 14. exd5 Nexd5 15. dxc5 Nxe3 16. Qxe3 Nd5 17. Qe4 bxc5 18. h5 g5 19. Nf5 Bf6 20. O-O-O Qb6 21. a5 Qc7 22. Bc4 O-O-O 23. Ne3 Nxc3 24. Rxd8+ Rxd8 25. Bxa6 Nxe4 0-1

[Event "*** Titled Tuesday Blitz"]
[Site "Chess.com"]
[Date "2020.04.28"]
[Round "5"]
[White "Semen_Khanin"]
[Black "martinique24"]
[Result "1-0"]
[WhiteElo "2706"]
[BlackElo "2437"]
[TimeControl "180+1"]
[EndTime "10:54:12 PDT"]
[Termination "Semen_Khanin won by resignation"]

1. d4 Nf6 2. Nf3 g6 3. c4 Bg7 4.
Nc3 d5 5. cxd5 Nxd5 6. e4 Nxc3 7. bxc3 c5 8. Be3 Qa5 9. Qd2 O-O 10. Rc1 Rd8 11.
d5 e6 12. c4 Qxd2+ 13. Kxd2 f5 14. Bd3 Na6 15. Ke2 b6 16. a3 Bb2 17. Rc2 Bxa3 18. Ra2 Bb4 19. dxe6 Nc7 20. exf5 gxf5 21. Bxf5 Bxe6 22.
Bxe6+ Nxe6 23. Ne5 Nd4+ 24. Bxd4 Rxd4 25. Ke3 a5 26. f4 a4 27. g4 a3 28. g5 Rad8 29.
Nc6 Re8+ 30. Kf3 Rxc4 31. h4 Ree4 32. f5 Rf4+ 33. Ke3 Rxf5 34. Ne7+ Kf7 35. Nxf5 Rc3+ 36. Ke4 Ba5 37. h5 Rc4+ 38. Kd5 Rg4 39. Nh6+ 1-0

[Event "*** Titled Tuesday Blitz"]
[Site "Chess.com"]
[Date "2020.04.28"]
[Round "5"]
[White "Zarikovs1999"]
[Black "DanielRensch"]
[Result "0-1"]
[WhiteElo "2282"]
[BlackElo "2495"]
[TimeControl "180+1"]
[EndTime "10:54:12 PDT"]
[Termination "DanielRensch won on time"]

1. Nf3 Nf6 2. c4 e6 3. g3 d5 4. Bg2 Be7 5. O-O O-O 6. b3 c5 7. cxd5 Nxd5 8. Bb2 Nc6 9. Nc3 Bf6 10. Qc1 b6 11.
Nxd5 exd5 12. Bxf6 Qxf6 13. d4 Ba6 14. Qd2 Nxd4 15.
Nxd4 cxd4 16. Bxd5 Rac8 17. Rac1 Rc3 18. Rxc3 dxc3 19. Qc2 Rd8 20. Rd1 g6 21. e4 Kg7 22.
h4 Qf3 23. Re1 Qd3 24. Qxd3 Bxd3 25. Rc1 Rc8 26. f3 b5 27. b4 c2 28. Kf2 Rc3 29. Bb3 Bc4 30. Rxc2 Rxc2+ 31. Bxc2 Bxa2 32. e5 f6 33. f4 Kf7 34. Ke3 fxe5 35. fxe5 Ke6 36. Kd4 Bc4 37.
Be4 Bf1 38. Bd5+ Kf5 39. Bf3 h6 40. Kd5 Bc4+ 41. Kd6 g5 42. hxg5 hxg5 43. Bd1 a6 44.
Bc2+ Kg4 45. e6 Bxe6 46. Kxe6 Kxg3 47. Kd5 Kf4 48. Kc5 g4 49. Bg6 g3 0-1

[Event "*** Titled Tuesday Blitz"]
[Site "Chess.com"]
[Date "2020.04.28"]
[Round "5"]
[White "tacticthunder"]
[Black "PotapovaM"]
[Result "1-0"]
[WhiteElo "2661"]
[BlackElo "2426"]
[TimeControl "180+1"]
[EndTime "10:54:14 PDT"]
[Termination "tacticthunder won by resignation"]

1. e4 c5 2. Nf3 d6 3. d4 cxd4 4.
Nxd4 Nf6 5. Nc3 a6 6. h3 e5 7.
Nde2 b5 8. g4 b4 9. Nd5 Nxd5 10.
Qxd5 Ra7 11. Be3 Be6 12. Qd2 Rd7 13. c4 bxc3 14. Nxc3 Be7 15. Bg2 O-O 16. O-O Nc6 17. Nd5 Bh4 18. Rac1 Ne7 19. Rfd1 h5 20. g5 Nxd5 21.
exd5 Bf5 22. Rc4 e4 23. Bxe4 Bxh3 24. Bf3 Bxg5 25. Bxg5 f6 26. Be3 g5 27. Bxh5 Kg7 28.
Bg4 Bxg4 29. Rxg4 Rh8 30. Bd4 Kg6 31. Qd3+ f5 32. Bxh8 Qxh8 33. Re1 Rh7 34. Re6+ Kf7 35. Qxf5+ Kg8 36. Re8+ Kg7 37. Rxg5+ 1-0

[Event "*** Titled Tuesday Blitz"]
[Site "Chess.com"]
[Date "2020.04.28"]
[Round "5"]
[White "Vespasian23"]
[Black "GracefulYear"]
[Result "0-1"]
[WhiteElo "2269"]
[BlackElo "2466"]
[TimeControl "180+1"]
[EndTime "10:54:14 PDT"]
[Termination "GracefulYear won by resignation"]

1. e4 g6 2. Nf3 Bg7 3. d3 Nc6 4. g3 b6 5. Bg2 Bb7 6. O-O e6 7. c3 Nge7 8. Na3 O-O 9. Nc2 d5 10. exd5 Nxd5 11. Ne3 Nce7 12. Nxd5 Nxd5 13. d4 Qd6 14.
Re1 Rac8 15. Ne5 Rfd8 16. Bg5 f6 17. Bxf6 Bxf6 18. c4 c5 19. cxd5 Bxd5 20. dxc5 bxc5 21. Bxd5 exd5 22. f4 c4 23. Qd4 Qb6 24. Rad1 Be7 25. Kg2 Bc5 26. Qc3 Bb4 27. Qf3 Bxe1 28. Rxd5 Qe6 0-1

[Event "*** Titled Tuesday Blitz"]
[Site "Chess.com"]
[Date "2020.04.28"]
[Round "5"]
[White "violetflower04"]
[Black "Corpescador"]
[Result "0-1"]
[WhiteElo "2194"]
[BlackElo "2358"]
[TimeControl "180+1"]
[EndTime "10:54:14 PDT"]
[Termination "Corpescador won by resignation"]

1. b3 d5 2. Bb2 Nf6 3. e3 Bf5 4. Nf3 e6 5. c4 c6 6. Nh4 Bg4 7. Be2 Bxe2 8. Qxe2 Nbd7 9. O-O Bd6 10. f4 O-O 11. Nf3 Re8 12. Ne5 Be7 13. d3 Nxe5 14. fxe5 Nd7 15. Nd2 f6 16. Qg4 f5 17. Qg3 Nc5 18.
e4 dxe4 19. d4 Nd3 20. Bc3 Bb4 21. Bxb4 Qxd4+ 22. Kh1 Nxb4 23. Rad1 Nd3 24. h4 Rad8 25.
Kh2 Qxe5 26. Qxe5 Nxe5 27. Nb1 Ng4+ 28. Kg3 Ne3 29. Rxd8 Rxd8 30. Kf2 0-1

[Event "*** Titled Tuesday Blitz"]
[Site "Chess.com"]
[Date "2020.04.28"]
[Round "5"]
[White "Pechen_Yeltsina"]
[Black "Jeffinho023"]
[Result "0-1"]
[WhiteElo "2745"]
[BlackElo "2567"]
[TimeControl "180+1"]
[EndTime "10:54:15 PDT"]
[Termination "Jeffinho023 won by checkmate"]

1. e4 e5 2. Nc3 Nf6 3. Bc4 Nc6 4. d3 Bb4 5. Ne2 d5 6. exd5 Nxd5 7. Bd2 Nxc3 8. Nxc3 O-O 9. a3 Bxc3 10. Bxc3 Re8 11. O-O Be6 12. Bxe6 Rxe6 13. f4 exf4 14. Rxf4 Rg6 15.
Qf3 Qd7 16. Re1 Re8 17. Rfe4 Rxe4 18. Rxe4 h6 19. b4 a6 20. h3 Ne7 21. Bb2 Nf5 22. Re5 Nh4 23. Qe4 Nxg2 24. Kh2 Kh7 25. Qd5 Qa4 26. Qc4 Nh4 27. Ra5 Nf3+ 28. Kh1 Rg1# 0-1

[Event "*** Titled Tuesday Blitz"]
[Site "Chess.com"]
[Date "2020.04.28"]
[Round "5"]
[White "PowerThinking2650"]
[Black "walkingcreep"]
[Result "1-0"]
[WhiteElo "2273"]
[BlackElo "2636"]
[TimeControl "180+1"]
[EndTime "10:54:16 PDT"]
[Termination "PowerThinking2650 won by checkmate"]

1. e4 c5 2. Nf3 e6 3. d4 cxd4 4. Nxd4 Nf6 5. Nc3 d6 6. Bc4 a6 7. Bb3 Nbd7 8. O-O Nc5 9. f4 Be7 10. f5 e5 11. Nde2 O-O 12. Ng3 b5 13. Bg5 Bb7 14. Bxf6 Bxf6 15. Bd5 Bxd5 16. Nxd5 Bh4 17. f6 g6 18. Qd2 Bxg3 19. Qh6 Ne6 20. hxg3 Rc8 21.
c3 Rc4 22. Rae1 Rc5 23. Ne7+ Kh8 24. Kf2 Qb6 25. Qxh7+ Kxh7 26. Rh1# 1-0

[Event "*** Titled Tuesday Blitz"]
[Site "Chess.com"]
[Date "2020.04.28"]
[Round "5"]
[White "AlexZambrano"]
[Black "skoularikii"]
[Result "0-1"]
[WhiteElo "2341"]
[BlackElo "2525"]
[TimeControl "180+1"]
[EndTime "10:54:17 PDT"]
[Termination "skoularikii won on time"]

1. Nf3 c5 2. c4 Nc6 3. g3 g6 4. Bg2 Bg7 5. O-O e5 6. d3 Nge7 7. Nc3 d6 8. Bg5 O-O 9. Qd2 Be6 10. Bh6 f6 11. Bxg7 Kxg7 12. e4 Qd7 13. Rfc1 Bh3 14. Bh1 g5 15. a3 a5 16. Ne1 Nd4 17. Qd1 a4 18. Rab1 h5 19. Ne2 Nb3 20. Rc3 Nc6 21.
Rxb3 axb3 22. Qxb3 Bg4 23. f3 Be6 24. Qc2 b5 25. cxb5 Nd4 26. Nxd4 cxd4 27. a4 Rfc8 28.
Qd2 Rxa4 29. Bg2 Qxb5 30. Bf1 Qb3 31. Be2 Qb4 0-1

[Event "*** Titled Tuesday Blitz"]
[Site "Chess.com"]
[Date "2020.04.28"]
[Round "5"]
[White "Mizner"]
[Black "Olga_Zhuravleva"]
[Result "0-1"]
[WhiteElo "2468"]
[BlackElo "2249"]
[TimeControl "180+1"]
[EndTime "10:54:17 PDT"]
[Termination "Olga_Zhuravleva won by checkmate"]

1. e4 e5 2. Nf3 Nc6 3. Nc3 Nf6 4. d4 exd4 5. Nxd4 Bb4 6. Nxc6 bxc6 7. Bd3 d5 8. Bd2 O-O 9. O-O Rb8 10. Re1 Re8 11. Rb1 Bd6 12. h3 h6 13. exd5 cxd5 14. Nb5 Bc5 15.
Rxe8+ Nxe8 16. b4 Bb6 17. c4 dxc4 18. Bxc4 Bxf2+ 19. Kh1 Qf6 20. Rb3 Bb7 21. Qf1 a6 22.
Bc3 Qf5 23. Nd4 Qxh3# 0-1

[Event "*** Titled Tuesday Blitz"]
[Site "Chess.com"]
[Date "2020.04.28"]
[Round "5"]
[White "GelmanAlexander"]
[Black "Firehand33"]
[Result "0-1"]
[WhiteElo "2525"]
[BlackElo "2748"]
[TimeControl "180+1"]
[EndTime "10:54:20 PDT"]
[Termination "Firehand33 won by resignation"]

1. c4 b6 2. Nf3 Bb7 3. e3 g6 4. d3 Bg7 5. Be2 f5 6. O-O Nf6 7. Nc3 O-O 8. Qc2 d6 9. b4 e5 10.
Bb2 Nbd7 11. Nd2 g5 12. Bf3 c6 13. b5 Qc7 14. bxc6 Bxc6 15. Bxc6 Qxc6 16. h3 g4 17.
hxg4 Nxg4 18. Nd5 Rae8 19. Qd1 Ndf6 20. e4 Qd7 21. Qf3 Nxd5 22. cxd5 fxe4 23. Qxe4 Bh6 24.
Nc4 b5 25. Na5 Rf4 26. Qe2 Ref8 27. Nc6 Rxf2 28. Qe4 Rxf1+ 29. Rxf1 Be3+ 0-1

[Event "*** Titled Tuesday Blitz"]
[Site "Chess.com"]
[Date "2020.04.28"]
[Round "5"]
[White "Berardino"]
[Black "Piotrek1979"]
[Result "1-0"]
[WhiteElo "2675"]
[BlackElo "2409"]
[TimeControl "180+1"]
[EndTime "10:54:20 PDT"]
[Termination "Berardino won by resignation"]

1. e4 c6 2. d4 d5 3. exd5 cxd5 4.
c4 Nf6 5. Nc3 e6 6. Nf3 Nc6 7.
Bg5 Be7 8. c5 O-O 9. Bb5 Ne4 10.
Bxe7 Qxe7 11. Rc1 Bd7 12. Bxc6 Bxc6 13. O-O f6 14. Re1 a5 15. Nd2 Nxc3 16. Rxc3 e5 17. Rce3 e4 18. f3 f5 19. fxe4 fxe4 20. Nf3 Rf4 21. Ne5 Raf8 22. h3 Qg5 23. Kh2 Rf2 24.
Rg3 Qf4 25. Re2 e3 26. Rxe3 Rxb2 27. Rf3 Qd2 28. Rxf8+ Kxf8 29. Qf3+ Ke8 30. Qf7+ Kd8 31. Nxc6+ bxc6 32. Qf8+ 1-0

[Event "*** Titled Tuesday Blitz"]
[Site "Chess.com"]
[Date "2020.04.28"]
[Round "5"]
[White "TengisChess"]
[Black "kakakz"]
[Result "0-1"]
[WhiteElo "2546"]
[BlackElo "2407"]
[TimeControl "180+1"]
[EndTime "10:54:20 PDT"]
[Termination "kakakz won by checkmate"]

1. Nf3 Nf6 2. g3 g6 3. Bg2 Bg7 4. O-O c5 5. d4 cxd4 6. Qxd4 Nc6 7. Qh4 d6 8. Nc3 Bg4 9. Bh6 O-O 10. Ng5 Nd4 11. f3 Nf5 12. Bxg7 Kxg7 13. Ne6+ fxe6 14. Qg5 Qb6+ 15. Kh1 Qe3 16. Qxe3 Nxe3 17. fxg4 Nxf1 18. Rxf1 Nxg4 19. Rc1 d5 20. h3 Ne3 21. Bf3 Rac8 22.
Kg1 b6 23. Kf2 Nc4 24. Nb5 a6 25. Nd4 Rf6 26. b3 Ne5 27. a4 Nxf3 28. Nxf3 e5 29. Ke3 e4 30. Nd4 Rc3+ 31. Kd2 Rxg3 32. h4 Rh3 33. c4 e5 34. Nc2 d4 35. Nb4 Rxb3 36.
Nd5 Rf2 37. c5 Rb2+ 38. Kd1 Rf1# 0-1

[Event "*** Titled Tuesday Blitz"]
[Site "Chess.com"]
[Date "2020.04.28"]
[Round "5"]
[White "maxsergej"]
[Black "kosmeg"]
[Result "0-1"]
[WhiteElo "2136"]
[BlackElo "2388"]
[TimeControl "180+1"]
[EndTime "10:54:20 PDT"]
[Termination "kosmeg won by resignation"]

1. e4 e5 2. Nf3 Nc6 3. Bb5 g6 4. O-O Bg7 5. c3 a6 6. Ba4 Nge7 7. d4 exd4 8. cxd4 O-O 9. Nc3 b5 10. Bc2 d6 11. h3 Na5 12. a4 b4 13. Ne2 c5 14.
Bg5 h6 15. Be3 Nc4 16. Bc1 Bb7 17. b3 Nb6 18. Nd2 cxd4 19. Bd3 Nc6 20. Bb2 Ne5 21. Nc4 Nbxc4 22. Bxc4 Nxc4 23. bxc4 d3 24. Nd4 Bxe4 25. Re1 Re8 26. Qd2 Qg5 27. Qxg5 hxg5 28. Ra2 Rac8 29.
f3 Bf5 30. Rxe8+ Rxe8 31. Nxf5 d2 32. Ra1 Re1+ 0-1

[Event "*** Titled Tuesday Blitz"]
[Site "Chess.com"]
[Date "2020.04.28"]
[Round "5"]
[White "MacDaddyMac"]
[Black "Kaponov"]
[Result "0-1"]
[WhiteElo "2309"]
[BlackElo "2122"]
[TimeControl "180+1"]
[EndTime "10:54:20 PDT"]
[Termination "Kaponov won by resignation"]

1. e4 c6 2. d4 d6 3. Nc3 Nd7 4. Be3 e5 5. Nge2 Ngf6 6. f3 b5 7. Qd2 b4 8. Nd1 d5 9. dxe5 Nxe5 10. Nf2 Nc4 11. Qd3 Nxb2 12. Qb3 Nc4 13. Bg5 Bc5 14. Nd3 Qb6 15. Nxc5 Qxc5 16. Ng3 Be6 17. Bxf6 gxf6 18. Bxc4 dxc4 19. Qb2 c3 20. Qc1 Rd8 21. Nf1 Rg8 22. g4 Rd2 23. Nxd2 Qe3+ 24. Kd1 cxd2 25. Qb2 Bc4 26.
c3 Qe2+ 27. Kc2 b3+ 0-1

[Event "*** Titled Tuesday Blitz"]
[Site "Chess.com"]
[Date "2020.04.28"]
[Round "5"]
[White "BakaPG"]
[Black "Shivagami"]
[Result "1-0"]
[WhiteElo "2682"]
[BlackElo "2131"]
[TimeControl "180+1"]
[EndTime "10:54:20 PDT"]
[Termination "BakaPG won on time"]

1. e4 c5 2. Nf3 d6 3. d4 cxd4 4. Nxd4 Nf6 5. Nc3 a6 6. Bg5 e6 7.
f4 h6 8. Bh4 Qb6 9. Qd2 Qxb2 10. Rb1 Qa3 11. Bxf6 gxf6 12. Be2 d5 13. exd5 e5 14.
fxe5 fxe5 15. Nf3 Nd7 16. O-O Bb4 17. Rb3 Qa5 18. a3 Bxa3 19. Kh1 Bc5 20. Qd3 b5 21. Qf5 Qc7 22. Ne4 Be7 23. Qh5 Bb7 24. Rc3 Qb6 25. Nxe5 Nxe5 26. Qxe5 Kd7 27. Rxf7 1-0

[Event "*** Titled Tuesday Blitz"]
[Site "Chess.com"]
[Date "2020.04.28"]
[Round "5"]
[White "AustrianFalcon"]
[Black "Pedrada88"]
[Result "0-1"]
[WhiteElo "2560"]
[BlackElo "2457"]
[TimeControl "180+1"]
[EndTime "10:54:21 PDT"]
[Termination "Pedrada88 won by checkmate"]

1. e4 c5 2. Nf3 Nc6 3. Bb5 Qb6 4. Nc3 e6 5. O-O Nge7 6. Re1 a6 7. Bf1 Ng6 8. b3 Be7 9. Bb2 O-O 10. e5 f6 11.
exf6 Bxf6 12. Na4 Qa7 13. Bxf6 Rxf6 14. c4 b5 15. cxb5 axb5 16. Bxb5 Bb7 17. Rc1 Rxf3 18.
Bxc6 Bxc6 19. gxf3 Rf8 20. Re3 Nh4 21. Rcc3 c4 22.
Nb2 Qa5 23. f4 Rxf4 24. Nxc4 Qd5 25. f3 Qg5+ 26. Kf2 Qg2+ 27. Ke1 Nxf3+ 28. Rxf3 Bxf3 29. Ne5 Qg1# 0-1